 Dungeon Crawl Stone Soup version 0.19.0-20-gbc5f0c6 (webtiles) character file.

14170 kae the Basher (level 12, -6/88 HPs)
             Began as a Formicid Fighter on Nov 16, 2016.
             Was a High Priest of Okawaru.
             Mangled by a freezing wraith (19 damage)
             ... in an ice cave.
             The game lasted 00:12:25 (11007 turns).

kae the Basher (Formicid Fighter)                  Turns: 11007, Time: 00:12:25

Health: -6/88      AC: 14    Str: 27    XL:     12   Next: 41%
Magic:  18/18      EV: 14    Int: 10    God:    Okawaru [*****.]
Gold:   691        SH: 19    Dex: 10    Spells: 0 memorised, 11 levels left

rFire  . . .     SeeInvis +     a - +1 flail
rCold  . . .     Gourm    .     C - +2 ring mail of Somoirchege {Int+3}
rNeg   + . .     Faith    .     G - +0 large shield {rN+}
rPois  +         Spirit   .     (helmet unavailable)
rElec  .         Reflect  .     z - +0 cloak
rCorr  .         Harm     .     (no gloves)
MR     +....                    l - +2 pair of boots
Stlth  ++........               n - amulet of regeneration
                                o - +5 ring of slaying
                                N - ring of poison resistance

@: heroism
A: permanent stasis, dig shafts and tunnels, four strong arms, antennae 3
a: Dig, Shaft Self, Heroism, Finesse, Renounce Religion


You were in an ice cave.
You worshipped Okawaru.
Okawaru was extremely pleased with you.
You were not hungry.

You visited 3 branches of the dungeon, and saw 14 of its levels.
You also visited: Sewer and Ice Cave.

You collected 691 gold pieces.

Inventory:

Hand Weapons
 a - a +1 flail (weapon)
Armour
 l - a +2 pair of boots (worn)
 z - a +0 cloak (worn)
 C - the +2 ring mail of Somoirchege (worn) {Int+3}
   (You found it on level 8 of the Dungeon)

   It affects your intelligence (+3).
 G - a +0 large shield of positive energy (worn)
Jewellery
 g - an uncursed ring of protection from cold {unknown}
 n - an amulet of regeneration (around neck)
 o - a +5 ring of slaying (right hand)
 J - a +4 ring of strength
 N - a ring of poison resistance (left hand)
Wands
 e - a wand of slowing (27/48)
 u - a wand of flame (32/48)
 w - a wand of enslavement (13/24)
 y - a wand of disintegration (11/24)
 A - a wand of enslavement (19/24)
 B - a wand of disintegration (9/24)
 M - a wand of lightning (7/15)
Scrolls
 b - a scroll of amnesia
 c - a scroll of recharging
 t - a scroll of immolation
 H - 4 scrolls of identify
 I - 2 scrolls of remove curse
Potions
 d - 2 potions of might
 i - a potion of beneficial mutation {unknown}
 k - 8 potions of curing
 m - 7 potions of heal wounds
 p - 3 potions of flight
 s - 2 potions of lignification
 x - a potion of cancellation {unknown}
 D - a potion of brilliance {unknown}
 F - a potion of agility {unknown}
 L - a potion of invisibility
Books
 K - a book of Minor Magic

   Spells                             Type                      Level
   a - Magic Dart                     Conjuration                  1
   b - Blink                          Translocation                2
   c - Call Imp                       Summoning                    2
   d - Repel Missiles                 Charms/Air                   2
   e - Slow                           Hexes                        2
   f - Conjure Flame                  Conjuration/Fire             3
   g - Mephitic Cloud                 Conjuration/Poison/Air       3
Comestibles
 f - 14 bread rations
 h - 2 royal jellies
 j - 7 meat rations
 q - 6 beef jerkies
 v - a slice of pizza
 E - 8 fruits


   Skills:
 + Level 6.0(11.0) Fighting
 - Level 14.7(19.7) Maces & Flails
 + Level 6.0(11.0) Armour
 + Level 3.7(8.7) Dodging
 * Level 7.0(12.0) Shields
 + Level 8.7 Invocations


You had 11 spell levels left.
You didn't know any spells.

Dungeon Overview and Level Annotations

Branches:
Dungeon (9/15)             Temple (1/1) D:5            Lair (4/6) D:9
  Swamp: Lair:2-4    Shoals: Lair:2-4     Snake: Lair:2-4    Spider: Lair:2-4
    Orc: D:9-12

Altars:
Ashenzari
Cheibriados
Dithmenos
Elyvilon
Fedhas
Gozag
Hepliaklqana
Kikubaaqudgha
Makhleb
Nemelex Xobeh
Okawaru
Qazlal
Ru
Sif Muna
Trog
Uskayaw
Vehumet
Xom
Yredelemnul
Zin
The Shining One

Annotations:
D:9 exclusion: ice statue


Innate Abilities, Weirdness & Mutations

You are under a permanent stasis effect.
You can dig through walls and to a lower floor.
Your four strong arms can wield two-handed weapons with a shield.
You have a pair of large antennae on your head. (SInv)


Message History

Okawaru accepts your kill.
Your base Armour skill increases to level 6!
You closely miss the freezing wraith. You closely miss the freezing wraith.
You block the freezing wraith's attack.
The freezing wraith hits you but does no damage.
You sock the freezing wraith!
The freezing wraith is moderately damaged.
You block the freezing wraith's attack. The freezing wraith hits you!
* * * LOW HITPOINT WARNING * * *
You closely miss the freezing wraith.
The freezing wraith is moderately damaged.
You barely miss the freezing wraith.
The freezing wraith is moderately damaged.
The freezing wraith misses you. You block the freezing wraith's attack.
You sock the freezing wraith!
The freezing wraith is severely damaged.
The freezing wraith hits you.
* * * LOW HITPOINT WARNING * * *
The freezing wraith freezes you!!
You die...

#......#
#.....##
##......###
#.........##
#..........#
#.......##..
##.....####.
### #......##.#
#@##
##....##≈≈#
##W# #...##≈≈≈≈
##.##
##..##≈≈###
#...## #..##≈≈#
#....####..##≈#
#..#...#...###
#.W##.....##
##.###...##
#..######


You could see a freezing wraith.

Vanquished Creatures
  A hill giant (D:8)
  The ghost of mmcf the Sneak, a novice VSAr of Elyvilon (D:8)
  A black mamba (Lair:3)
  Maurice (D:8)
  4 spiny frogs
  2 rime drakes (Lair:4)
  A freezing wraith (IceCv)
  3 komodo dragons
  A polar bear (Lair:3)
  A hornet (D:9)
  Prince Ribbit (D:5)
  A blink frog (Lair:2)
  2 hippogriffs
  Sigmund (D:5)
  A spriggan (D:7)
  A wyvern (Lair:3)
  12 yaks
  Eustachio (D:5)
  Grum (D:8)
  A basilisk (Lair:1)
  A death yak simulacrum (IceCv)
  A hungry ghost (D:7)
  2 porcupines
  7 water moccasins
  A phantom (D:4)
  2 orc warriors (D:8)
  7 ice beasts
  The ghost of Apogee the Chopper, an amateur DDFi (D:3)
  2 sky beasts (D:5)
  2 ogres
  An alligator simulacrum (IceCv)
  3 wolves (D:8)
  A necrophage (D:7)
  3 centaurs
  6 crocodiles
  A big kobold (Sewer)
  7 bullfrogs
  Blork the orc (D:5)
  A gnoll sergeant (D:9)
  A water moccasin zombie (D:9)
  3 scorpions
  A wyvern skeleton (D:9)
  A swamp dragon simulacrum (IceCv)
  4 wights (D:9)
  6 killer bees (D:7)
  2 howler monkeys
  2 crimson imps
  A quasit (D:9)
  4 hounds
  2 jellies
  4 orc priests
  A centaur skeleton (D:9)
  4 iguanas
  2 worker ants
  2 orc wizards
  A wolf simulacrum (IceCv)
  A hound skeleton (D:5)
  11 gnolls
  A river rat (Sewer)
  7 adders
  A shadow imp (D:8)
  5 white imps (IceCv)
  2 oozes
  10 worms
  4 dart slugs
  3 leopard geckos
  46 orcs
  A ball python (D:3)
  6 giant cockroaches
  5 goblins
  7 hobgoblins
  20 jackals
  5 quokkas
  9 bats
  7 frilled lizards
  2 jackal skeletons
  12 kobolds
  A leopard gecko skeleton (D:4)
  A quokka skeleton (D:9)
  11 rats
307 creatures vanquished.

Vanquished Creatures (others)
  A fungus (Lair:1)
1 creature vanquished.

Grand Total: 308 creatures vanquished

Notes
Turn   | Place    | Note
-------+----------+-------------------------------------------
     0 | D:1      | kae the Formicid Fighter began the quest for the Orb.
     0 | D:1      | Reached XP level 1. HP: 18/18 MP: 1/1
   104 | D:1      | Reached XP level 2. HP: 23/24 MP: 2/2
   159 | D:1      | Reached skill level 3 in Maces & Flails
   317 | D:1      | Reached XP level 3. HP: 29/29 MP: 3/3
   683 | D:2      | Reached skill level 4 in Maces & Flails
   683 | D:2      | Reached XP level 4. HP: 27/35 MP: 4/4
  1395 | D:3      | Reached XP level 5. HP: 35/41 MP: 5/5
  1533 | D:3      | Noticed Apogee's ghost (amateur DDFi)
  1542 | D:3      | Killed Apogee's ghost
  1542 | D:3      | Reached skill level 5 in Maces & Flails
  1542 | D:3      | Reached XP level 6. HP: 35/47 MP: 6/6
  2183 | D:4      | Reached skill level 6 in Maces & Flails
  2522 | D:4      | Reached XP level 7. HP: 51/52 MP: 7/7
  2568 | D:4      | Found a glowing drain.
  2573 | Sewer    | Entered a sewer
  2580 | Sewer    | Reached skill level 7 in Maces & Flails
  2669 | Sewer    | Found a glowing silver altar of Zin.
  3047 | D:5      | Entered Level 5 of the Dungeon
  3047 | D:5      | Noticed Blork the orc
  3060 | D:5      | Killed Blork the orc
  3060 | D:5      | Reached skill level 8 in Maces & Flails
  3153 | D:4      | Found a white marble altar of Elyvilon.
  3227 | D:5      | Found a staircase to the Ecumenical Temple.
  3271 | Temple   | Entered the Ecumenical Temple
  3328 | Temple   | Became a worshipper of Warmaster Okawaru
  3374 | D:5      | Noticed Eustachio
  3397 | D:5      | Killed Eustachio
  3397 | D:5      | Reached XP level 8. HP: 55/58 MP: 8/8
  3447 | D:5      | Reached skill level 9 in Maces & Flails
  3500 | D:5      | Reached * piety under Okawaru
  3597 | D:5      | Found a white marble altar of Elyvilon.
  3602 | D:5      | Found a blossoming altar of Fedhas.
  3603 | D:5      | Found a snail-covered altar of Cheibriados.
  3604 | D:5      | Found a stormy altar of Qazlal.
  3604 | D:5      | Found a sparkling altar of Nemelex Xobeh.
  3607 | D:5      | Found a hazy altar of Hepliaklqana.
  3608 | D:5      | Found a glowing golden altar of the Shining One.
  3610 | D:5      | Found a shadowy altar of Dithmenos.
  3632 | D:5      | Noticed Sigmund
  3641 | D:5      | Killed Sigmund
  3944 | D:5      | Noticed Prince Ribbit
  3963 | D:5      | Killed Prince Ribbit
  3963 | D:5      | Reached skill level 10 in Maces & Flails
  4279 | D:5      | Reached XP level 9. HP: 56/64 MP: 9/9
  4287 | D:5      | Reached ** piety under Okawaru
  4318 | D:5      | Reached skill level 11 in Maces & Flails
  5076 | D:7      | Noticed a hippogriff
  5082 | D:7      | Killed a hippogriff
  5352 | D:7      | Reached skill level 12 in Maces & Flails
  5363 | D:7      | Reached *** piety under Okawaru
  6002 | D:7      | Reached XP level 10. HP: 70/70 MP: 10/10
  6233 | D:8      | Reached skill level 13 in Maces & Flails
  6235 | D:8      | Noticed Grum
  6237 | D:8      | Killed Grum
  6243 | D:8      | Noticed Maurice
  6250 | D:8      | Killed Maurice
  6250 | D:8      | Reached **** piety under Okawaru
  6675 | D:8      | Noticed a hill giant
  6689 | D:8      | Killed a hill giant
  6689 | D:8      | Reached skill level 14 in Maces & Flails
  6819 | D:8      | Found an ancient bone altar of Kikubaaqudgha.
  6956 | D:8      | Got a spiked ring mail
  6967 | D:8      | Identified the +2 ring mail of Somoirchege {Int+3} (You found it on level 8 of the Dungeon)
  7135 | D:8      | Noticed mmcf's ghost (novice VSAr)
  7147 | D:8      | Killed mmcf's ghost
  7390 | D:8      | Reached XP level 11. HP: 47/75 MP: 14/14
  7395 | D:8      | Reached skill level 5 in Invocations
  7459 | D:9      | Found an iron altar of Okawaru.
  7602 | D:9      | Reached ***** piety under Okawaru
  7914 | D:9      | Found a staircase to the Lair.
  8094 | Lair:1   | Entered Level 1 of the Lair of Beasts
  8181 | Lair:1   | Reached skill level 1 in Dodging
  8628 | Lair:1   | Found a sacrificial altar of Ru.
  9026 | Lair:2   | Received a gift from Okawaru
  9202 | Lair:2   | Reached skill level 5 in Fighting
  9521 | Lair:2   | Reached skill level 5 in Shields
  9526 | Lair:2   | Reached skill level 5 in Armour
  9692 | Lair:2   | Reached XP level 12. HP: 51/86 MP: 18/18
 10729 | Lair:4   | Found a frozen archway.
 10779 | IceCv    | Entered an ice cave
 11007 | IceCv    | Mangled by a freezing wraith

Skill      XL: |  1  2  3  4  5  6  7  8  9 10 11 12 |
---------------+-------------------------------------+-----
Maces & Flails | 3 4 5 6 8 10 12 14 | 14.7
Invocations    | 4 8 |  8.7
Dodging        | 3 |  3.7
Fighting       | 5 6 |  6.0
Armour         | 5 6 |  6.0
Shields        | 5 7 |  7.0

Action                   |  1- 3 |  4- 6 |  7- 9 | 10-12 || total
-------------------------+-------+-------+-------+-------++-------
Melee: Flail             |   111 |   153 |   240 |   607 ||  1111
Invok: Heroism           |       |       |       |    12 ||    12
 Abil: Dig               |       |     9 |     4 |    13 ||    26
  Use: Scroll            |     2 |     4 |     6 |     7 ||    19
  Eat: Chunk             |       |     7 |    11 |    18 ||    36
       Fruit             |       |       |       |     1 ||     1
Armor: Scale mail        |    42 |    44 |    78 |    30 ||   194
       Ring mail         |       |       |       |    94 ||    94
Dodge: Dodged            |    40 |    37 |    61 |   127 ||   265
Block: Shield            |    65 |    74 |    87 |   122 ||   348
       Large shield      |       |       |       |   142 ||   142
